 Dungeon Crawl Stone Soup version 0.20-a0-1016-g241539b (webtiles) character file.

427 Fhqwhgads the Ruffian (level 6, -4/61 HPs)
             Began as a Troll Monk on Apr 15, 2017.
             Slain by an iguana (11 damage)
             ... on level 4 of the Dungeon.
             The game lasted 00:04:47 (2659 turns).

Fhqwhgads the Ruffian (Troll Monk)                  Turns: 2659, Time: 00:04:48

Health: -4/61      AC:  5    Str: 20    XL:     6   Next: 65%
Magic:  5/5        EV: 11    Int:  8    God:
Gold:   115        SH:  0    Dex: 12    Spells: 5/5 levels left

rFire    . . .     SeeInvis .     - Unarmed
rCold    . . .     Gourm    +   (no shield)
rNeg     . . .     Faith    .   a - +0 robe
rPois    .         Spirit   .   (helmet restricted)
rElec    .         Reflect  .   (no cloak)
rCorr    .         Harm     .   (gloves unavailable)
MR       .....                  (boots unavailable)
Stlth    ++........             (no amulet)
Regen    0.6/turn               (no ring)
MPRegen  0.1/turn               (no ring)

@: no status effects
A: unfitting armour, claws 3, fast metabolism 3, gourmand, regeneration 1,
shaggy fur 1, tough skin 2
a: no special abilities


You were on level 4 of the Dungeon.
You were not hungry.

You visited 1 branch of the dungeon, and saw 4 of its levels.
You also visited: Sewer.

You collected 115 gold pieces.

Inventory:

Missiles
 n - 5 javelins of returning (quivered)
 p - 4 large rocks
Armour
 a - a +0 robe (worn)
Jewellery
 r - a cursed ring of teleportation {unknown}
Scrolls
 c - 6 scrolls of identify {unknown}
 e - 3 scrolls of magic mapping {unknown}
 f - a scroll of teleportation {unknown}
 g - 2 scrolls of fear {unknown}
 j - 2 scrolls of immolation {unknown}
 k - a scroll of noise {unknown}
 l - a scroll of fog {unknown}
 m - a scroll of amnesia {unknown}
 o - a scroll of enchant weapon {unknown}
 q - a scroll of remove curse {unknown}
Potions
 d - 3 potions of heal wounds {unknown}
 h - 3 potions of curing {unknown}
 s - a potion of berserk rage {unknown}
 t - 3 potions of brilliance {unknown}
 u - a potion of mutation {unknown}
Comestibles
 b - 3 bread rations
 i - 3 meat rations


   Skills:
 - Level 3.2 Fighting
 + Level 3.2 Throwing
 - Level 3.2 Dodging
 - Level 2.1 Stealth
 + Level 5.6 Unarmed Combat


You had 5 spell levels left.
You didn't know any spells.

Dungeon Overview and Level Annotations

Branches:
Dungeon (4/15)
 Temple: D:4-7

Altars:
Elyvilon


Innate Abilities, Weirdness & Mutations

You are too large for most types of armour.
You have claws for hands.
Your metabolism is lightning-fast.
You like to eat raw meat.
Your natural rate of healing is unusually fast.
You are covered in fur. (AC +1)
You have very tough skin. (AC +2)


Message History

You claw the ogre!
You kill the ogre!
Your Throwing skill increases to level 3!
Things that are here:
a giant spiked club; an ogre corpse The iguana bites you!
* * * LOW HITPOINT WARNING * * *
You are too injured to fight recklessly!
You are too injured to fight recklessly!
You closely miss the iguana. The iguana bites you!
* * * LOW HITPOINT WARNING * * *
A worker ant comes into view.
The worker ant twitches its antennae in your direction.
You scratch the iguana.
The iguana is lightly wounded.
The worker ant moves out of view.
The iguana barely misses you.
You barely miss the iguana.
The iguana is lightly wounded.
The iguana bites you!
You die...

. +..#.. #.########
§≈#+#≈...# #.#.......
§≈≈.≈≈>..# #.#.......
.........# #.#.......
.........# #.#.......
.......<.# ##.#....!..
>........# ##..........
.........####...)#..####
..............##@# ##
.........###..##l..#
.........# ##.....##
.........# ..#...#
..(......# .##(#.#
......... .. ....#
......#.# ## ##...
######. ..


You could see an iguana.

Vanquished Creatures
  The ghost of Alythanul the Skirmisher, an amateur DsAK of Lugonu (D:4)
  An ogre (D:4)
  A hound (D:3)
  7 adders
  A gnoll (D:1)
  2 oozes
  2 worms
  A dart slug (D:1)
  2 leopard geckos
  An orc (D:3)
  7 bats
  6 giant cockroaches
  8 hobgoblins
  16 jackals
  15 kobolds
  A quokka (D:3)
  3 ball pythons (Sewer)
  5 frilled lizards
  4 goblins
  10 rats
  2 plants (Sewer)
96 creatures vanquished.

Notes
Turn   | Place    | Note
-------+----------+-------------------------------------------
     0 | D:1      | Fhqwhgads the Troll Monk began the quest for the Orb.
     0 | D:1      | Reached XP level 1. HP: 23/23 MP: 0/0
    42 | D:1      | Reached skill level 1 in Unarmed Combat
    42 | D:1      | Reached XP level 2. HP: 17/31 MP: 1/1
   115 | D:1      | Reached skill level 2 in Unarmed Combat
   390 | D:1      | Reached XP level 3. HP: 37/37 MP: 2/2
   586 | D:1      | Reached skill level 3 in Unarmed Combat
   745 | D:2      | Found a white marble altar of Elyvilon.
   948 | D:2      | Reached XP level 4. HP: 45/45 MP: 3/3
  1440 | D:3      | Reached skill level 1 in Throwing
  1440 | D:3      | Reached skill level 4 in Unarmed Combat
  1527 | D:3      | Reached XP level 5. HP: 32/53 MP: 4/4
  1556 | D:3      | Found a glowing drain.
  1565 | Sewer    | Entered a sewer
  2636 | D:4      | Noticed Alythanul's ghost (amateur DsAK)
  2646 | D:4      | Noticed an ogre
  2652 | D:4      | Killed Alythanul's ghost
  2652 | D:4      | Reached skill level 5 in Unarmed Combat
  2652 | D:4      | Reached XP level 6. HP: 55/61 MP: 5/5
  2659 | D:4      | Slain by an iguana

Vault maps used:
D:1:      lemuel_arrival_cross, minmay_pentomino_x2
D:2:      marbit_many_paths
D:3:      portal_sewer_entry_d
D:4:      lemuel_crystal_altar, kennysheep_mini_moat, first_bread,
          roderic_serpentine_path, grunt_ministairs_10, uniq_duvessa,
          uniq_pikel, uniq_menkaure, uniq_natasha
Sewer:    sewer_co_scattered_pipes

Skill      XL: |  1  2  3  4  5  6 |
---------------+-------------------+-----
Unarmed Combat | 1 2 3 4 5 |  5.6
Throwing       | 1 2 3 |  3.2
Fighting       | |  3.2
Dodging        | |  3.2
Stealth        | |  2.1

Action                   |  1- 3 |  4- 6 || total
-------------------------+-------+-------++-------
Melee: Unarmed           |   115 |   212 ||   327
       Punch             |       |     2 ||     2
Throw: Javelin           |       |     4 ||     4
 Stab: Sleeping          |     5 |     4 ||     9
       Distracted        |       |     1 ||     1
  Eat: Chunk             |    11 |    13 ||    24
Armor: Robe              |    53 |    57 ||   110
Dodge: Dodged            |    75 |    92 ||   167
